BSA
AUSTIN RIVER SHARKS @ SPRINGFIELD STARS
09/02/2024
 
TOP OF THE 1ST
Austin River Sharks batting - Pitching for Springfield Stars : RHP Manuel González
Pitching: RHP Manuel González
Batting: RHB Clark Hodge 0-0: SINGLE (Groundball, 6D)
Batting: SHB Juan Acevado 0-0: Ground out 5-3 (Groundball, 5S)
Clark Hodge to second
Batting: LHB Pedro Zaragoza 0-0: Ball
1-0: Ball
2-0: Called Strike
2-1: Called Strike
2-2: Ground out 5-3 (Groundball, 5)
Batting: LHB Roberto García 0-0: Swinging Strike
0-1: Foul Ball, location: 2F
0-2: Ball
1-2: Fly out, F7 (Flyball, 7LS)
Top of the 1st over - 0 run(s), 1 hit(s), 0 error(s), 1 left on base; Austin 0 - Springfield 0
BOTTOM OF THE 1ST
Springfield Stars batting - Pitching for Austin River Sharks : RHP José Martínez
Pitching: RHP José Martínez
Batting: LHB Felipe Guerrero 0-0: Foul Ball, location: 2F
0-1: Ground out 6-3 (Groundball, 6)
Batting: RHB Juan Rodríguez 0-0: Ball
1-0: Called Strike
1-1: Foul Ball, location: 2F
1-2: Strikes out swinging
Batting: LHB César Valentín 0-0: Called Strike
0-1: Ball
1-1: Ball
2-1: Ball
3-1: Ground out 6-3 (Groundball, 6)
Bottom of the 1st over - 0 run(s), 0 hit(s), 0 error(s), 0 left on base; Austin 0 - Springfield 0
TOP OF THE 2ND
Austin River Sharks batting - Pitching for Springfield Stars : RHP Manuel González
Batting: SHB Juan Castro 0-0: Swinging Strike
0-1: Ball
1-1: Ball
2-1: Foul Ball, location: 2F
2-2: Foul Ball, location: 2F
2-2: Foul Ball, location: 2F
2-2: Fly out, F5 (Popup, 13S)
Batting: RHB Rich Ruffin 0-0: Ground out 5-3 (Groundball, 5S)
Batting: RHB Kenneth Roberts 0-0: Ball
1-0: Called Strike
1-1: Ball
2-1: Foul Ball, location: 2F
2-2: Ball
3-2: Ground out 1-3 (Groundball, 23)
Top of the 2nd over - 0 run(s), 0 hit(s), 0 error(s), 0 left on base; Austin 0 - Springfield 0
BOTTOM OF THE 2ND
Springfield Stars batting - Pitching for Austin River Sharks : RHP José Martínez
Batting: LHB Derek Davidson 0-0: Ball
1-0: Ball
2-0: Foul Ball, location: 2F
2-1: Ball
3-1: Base on Balls
Batting: RHB Calvin Bennett 0-0: Ball
1-0: Called Strike
1-1: Ball
2-1: Fly out, F6 (Line Drive, 6)
Batting: LHB Jesús Tobías 0-0: Ball
1-0: Fly out, F7 (Flyball, 7LM)
Batting: RHB Alberto Campos 0-0: Ball
1-0: Ball
2-0: Called Strike
2-1: Ground out 3-1 (Groundball, 34)
Bottom of the 2nd over - 0 run(s), 0 hit(s), 0 error(s), 1 left on base; Austin 0 - Springfield 0
TOP OF THE 3RD
Austin River Sharks batting - Pitching for Springfield Stars : RHP Manuel González
Batting: LHB Miguel Pérez 0-0: Ball
1-0: Ball
2-0: Ball
3-0: Base on Balls
Batting: LHB Terry Maloney 0-0: Ball
Miguel Pérez is caught stealing 2nd base
1-0: Fly out, F5 (Popup, 5SF)
Batting: RHB Clark Hodge 0-0: Foul Ball, location: 2F
0-1: Swinging Strike
0-2: Ball
1-2: Foul Ball, location: 2F
1-2: Ground out 5-3 (Groundball, 15S)
Top of the 3rd over - 0 run(s), 0 hit(s), 0 error(s), 0 left on base; Austin 0 - Springfield 0
BOTTOM OF THE 3RD
Springfield Stars batting - Pitching for Austin River Sharks : RHP José Martínez
Batting: RHB Miguel Monteagudo 0-0: Called Strike
0-1: Foul Ball, location: 2F
0-2: SINGLE (Groundball, 56)
Batting: RHB José Pinto 0-0: Ball
1-0: Ball
2-0: Foul Ball, location: 2F
2-1: Ball
3-1: Swinging Strike
3-2: Foul Ball, location: 2F
3-2: Fly out, F7 (Flyball, 7LSF)
3-2: Fly out, F7 (Flyball, 7LSF)
Batting: LHB Felipe Guerrero 0-0: SINGLE (Groundball, 34D)
Miguel Monteagudo to second
Throwing error, E9
Miguel Monteagudo scores
Felipe Guerrero to second
Batting: RHB Juan Rodríguez 0-0: Fly out, F9 (Flyball, 9M)
Batting: LHB César Valentín 0-0: Ball
1-0: Ball
2-0: Ball
3-0: Called Strike
3-1: Base on Balls
Batting: LHB Derek Davidson 0-0: Ball
1-0: Called Strike
1-1: Swinging Strike
1-2: Foul Ball, location: 2F
1-2: Foul Ball, location: 2F
1-2: Ball
2-2: Foul Ball, location: 2F
2-2: Strikes out looking
Bottom of the 3rd over - 1 run(s), 2 hit(s), 1 error(s), 2 left on base; Austin 0 - Springfield 1
TOP OF THE 4TH
Austin River Sharks batting - Pitching for Springfield Stars : RHP Manuel González
Batting: SHB Juan Acevado 0-0: Foul Ball, location: 2F
0-1: Fly out, F4 (Line Drive, 4M)
Batting: LHB Pedro Zaragoza 0-0: Foul Ball, location: 2F
0-1: Called Strike
0-2: Foul Ball, location: 2F
0-2: Ball
1-2: Strikes out swinging
Batting: LHB Roberto García 0-0: Ground out 2-3 (Groundball, 23)
Top of the 4th over - 0 run(s), 0 hit(s), 0 error(s), 0 left on base; Austin 0 - Springfield 1
BOTTOM OF THE 4TH
Springfield Stars batting - Pitching for Austin River Sharks : RHP José Martínez
Batting: RHB Calvin Bennett 0-0: Foul Ball, location: 2F
0-1: Ball
1-1: Fly out, F4 (Line Drive, 4)
Batting: LHB Jesús Tobías 0-0: Called Strike
0-1: Ground out 4-3 (Groundball, 4M)
Batting: RHB Alberto Campos 0-0: Ball
1-0: Ball
2-0: SINGLE (Line Drive, 7S)
Batting: RHB Miguel Monteagudo 0-0: Ball
1-0: Called Strike
1-1: Fly out, F8 (Line Drive, 8LM)
Bottom of the 4th over - 0 run(s), 1 hit(s), 0 error(s), 1 left on base; Austin 0 - Springfield 1
TOP OF THE 5TH
Austin River Sharks batting - Pitching for Springfield Stars : RHP Manuel González
Batting: SHB Juan Castro 0-0: Ball
1-0: Ball
2-0: Foul Ball, location: 2F
2-1: Foul Ball, location: 2F
2-2: SINGLE (Groundball, 4MD)
Batting: RHB Rich Ruffin 0-0: Ball
1-0: SINGLE (Groundball, 56)
Juan Castro to second
Batting: RHB Kenneth Roberts 0-0: Swinging Strike
0-1: Foul Ball, location: 2F
0-2: Grounds into double play, U6-3 (Groundball, 6)
Juan Castro to third
Batting: LHB Miguel Pérez 0-0: Called Strike
0-1: Fly out, F8 (Flyball, 8LXD)
Top of the 5th over - 0 run(s), 2 hit(s), 0 error(s), 1 left on base; Austin 0 - Springfield 1
BOTTOM OF THE 5TH
Springfield Stars batting - Pitching for Austin River Sharks : RHP José Martínez
Batting: RHB José Pinto 0-0: Called Strike
0-1: Called Strike
0-2: Ball
1-2: Ball
2-2: Ball
3-2: DOUBLE (Line Drive, 89XD)
Batting: LHB Felipe Guerrero 0-0: Intentional Walk
Batting: RHB Juan Rodríguez 0-0: Called Strike
0-1: Ball
1-1: Ball
2-1: Ball
3-1: Fly out, F8 (Flyball, 8RD)
Runner from 2nd tags up, SAFE at 3rd, no throw
Batting: LHB César Valentín 0-0: Called Strike
0-1: Ground out 5-3 (Groundball, 56S)
José Pinto scores
Felipe Guerrero to second
Batting: LHB Derek Davidson 0-0: Ball
1-0: Ground out 6-3 (Groundball, 4M)
Bottom of the 5th over - 1 run(s), 1 hit(s), 0 error(s), 1 left on base; Austin 0 - Springfield 2
TOP OF THE 6TH
Austin River Sharks batting - Pitching for Springfield Stars : RHP Manuel González
Batting: LHB Terry Maloney 0-0: Ball
1-0: Called Strike
1-1: Foul Ball, location: 2F
1-2: Strikes out looking
Batting: RHB Clark Hodge 0-0: Ball
1-0: Ball
2-0: TRIPLE (Flyball, 89D)
Batting: SHB Juan Acevado 0-0: Ball
1-0: Ball
2-0: TRIPLE (Flyball, 89XD)
Clark Hodge scores
Batting: LHB Pedro Zaragoza 0-0: Ball
1-0: DOUBLE (Line Drive, 7LM)
Juan Acevado scores
Batting: LHB Roberto García 0-0: Ball
1-0: Ground out 4-3 (Groundball, 4)
Pedro Zaragoza to third
Batting: SHB Juan Castro 0-0: Ball
1-0: Ball
2-0: Ball
3-0: Called Strike
3-1: 2-RUN HOME RUN (Flyball, 89XD), Distance : 423 ft
Batting: RHB Rich Ruffin 0-0: Foul Ball, location: 2F
0-1: Fly out, F9 (Flyball, 9D)
Top of the 6th over - 4 run(s), 4 hit(s), 0 error(s), 0 left on base; Austin 4 - Springfield 2
BOTTOM OF THE 6TH
Springfield Stars batting - Pitching for Austin River Sharks : RHP José Martínez
Batting: RHB Calvin Bennett 0-0: Ball
1-0: Foul Ball, location: 2F
1-1: Ball
2-1: Foul Ball, location: 2F
2-2: Fly out, F9 (Flyball, 9M)
Batting: LHB Jesús Tobías 0-0: Called Strike
0-1: Ball
1-1: Ball
2-1: Foul Ball, location: 2F
2-2: Foul Ball, location: 2F
2-2: Ball
3-2: Ground out 1-3 (Groundball, 13)
Batting: RHB Alberto Campos 0-0: Ball
1-0: Ball
2-0: Ball
3-0: Ground out 6-3 (Groundball, 6)
Bottom of the 6th over - 0 run(s), 0 hit(s), 0 error(s), 0 left on base; Austin 4 - Springfield 2
TOP OF THE 7TH
Austin River Sharks batting - Pitching for Springfield Stars : RHP Manuel González
Batting: RHB Kenneth Roberts 0-0: Fly out, F7 (Flyball, 7S)
Batting: LHB Miguel Pérez 0-0: Foul Ball, location: 2F
0-1: Swinging Strike
0-2: Strikes out looking
Batting: LHB Terry Maloney 0-0: Called Strike
0-1: SINGLE (Flyball, 78S)
Batting: RHB Clark Hodge 0-0: Swinging Strike
0-1: Foul Ball, location: 2F
0-2: Fly out, F9 (Flyball, 89D)
Top of the 7th over - 0 run(s), 1 hit(s), 0 error(s), 1 left on base; Austin 4 - Springfield 2
BOTTOM OF THE 7TH
Springfield Stars batting - Pitching for Austin River Sharks : RHP José Martínez
Pitching: RHP Armen Boyajian
Batting: RHB Miguel Monteagudo 0-0: Called Strike
0-1: Fly out, F7 (Flyball, 78M)
Batting: RHB José Pinto 0-0: Ball
1-0: Ball
2-0: Ground out 4-3 (Groundball, 34)
Batting: LHB Felipe Guerrero 0-0: Ball
1-0: Called Strike
1-1: Foul Ball, location: 2F
1-2: Ball
2-2: Foul Ball, location: 2F
2-2: Ball
3-2: Base on Balls
Batting: RHB Juan Rodríguez 0-0: Called Strike
0-1: Ball
1-1: Foul Ball, location: 2F
1-2: Ball
2-2: Ground out 1-3 (Groundball, 13S)
Bottom of the 7th over - 0 run(s), 0 hit(s), 0 error(s), 1 left on base; Austin 4 - Springfield 2
TOP OF THE 8TH
Austin River Sharks batting - Pitching for Springfield Stars : RHP Manuel González
Batting: SHB Juan Acevado 0-0: Foul Ball, location: 2F
0-1: Ball
1-1: Swinging Strike
1-2: Ground out U3 (Groundball, 3)
Batting: LHB Pedro Zaragoza 0-0: Ball
1-0: Ball
2-0: Ball
3-0: Called Strike
3-1: Base on Balls
Batting: LHB Roberto García 0-0: Ball
1-0: Fly out, F7 (Flyball, 78D)
Batting: SHB Juan Castro 0-0: Called Strike
0-1: Ball
1-1: Ball
2-1: Swinging Strike
2-2: Ball
3-2: Foul Ball, location: 2F
3-2: Base on Balls
Pedro Zaragoza to second
Pitching: RHP Dae-hee Ch'oe
Batting: RHB Rich Ruffin 0-0: Ball
1-0: Ball
2-0: Ball
3-0: Base on Balls
Pedro Zaragoza to third
Juan Castro to second
Batting: RHB Kenneth Roberts 0-0: Ball
1-0: Fly out, F3 (Popup, 3D)
Top of the 8th over - 0 run(s), 0 hit(s), 0 error(s), 3 left on base; Austin 4 - Springfield 2
BOTTOM OF THE 8TH
Springfield Stars batting - Pitching for Austin River Sharks : RHP Armen Boyajian
Batting: LHB César Valentín 0-0: Ball
1-0: Foul Ball, location: 2F
1-1: Ball
2-1: SOLO HOME RUN (Flyball, 9LD), Distance : 453 ft
Pitching: LHP Miguel Martínez
Batting: LHB Derek Davidson 0-0: Called Strike
0-1: Swinging Strike
0-2: Ball
1-2: Strikes out looking
Pitching: RHP Soichiro Ikeda
Batting: RHB Calvin Bennett 0-0: Called Strike
0-1: Foul Ball, location: 2F
0-2: Ball
1-2: Fly out, F8 (Flyball, 8RD)
Batting: LHB Jesús Tobías 0-0: Swinging Strike
0-1: Ball
1-1: Ball
2-1: Ball
3-1: Foul Ball, location: 2F
3-2: Base on Balls
Batting: RHB Alberto Campos 0-0: Called Strike
0-1: Ball
1-1: Fielders Choice at 2nd, 6-4 (Groundball, 6MS)
Bottom of the 8th over - 1 run(s), 1 hit(s), 0 error(s), 0 left on base; Austin 4 - Springfield 3
TOP OF THE 9TH
Austin River Sharks batting - Pitching for Springfield Stars : RHP Dae-hee Ch'oe
Batting: LHB Miguel Pérez 0-0: Ball
1-0: Swinging Strike
1-1: Foul Ball, location: 2F
1-2: Ball
2-2: Foul Ball, location: 2F
2-2: Foul Ball, location: 2F
2-2: Ball
3-2: DOUBLE (Line Drive, 9D)
Batting: LHB Terry Maloney 0-0: Intentional Walk
Pinch Hitting: RHB José Balina 0-0: Ball
1-0: Sac Bunt - play at first, batter OUT! 1-4
Miguel Pérez to third
Terry Maloney to second
Batting: SHB Juan Acevado 0-0: Called Strike
0-1: Foul Ball, location: 2F
0-2: Strikes out swinging
Batting: LHB Pedro Zaragoza 0-0: Called Strike
0-1: SINGLE (Groundball, 3D)
Miguel Pérez scores
Terry Maloney to third
Runner from 3rd tries for Home, SAFE, no throw or cutoff
Batting: LHB Roberto García 0-0: Ball
1-0: Fly out, F5 (Popup, 5SF)
Top of the 9th over - 2 run(s), 2 hit(s), 0 error(s), 1 left on base; Austin 6 - Springfield 3
BOTTOM OF THE 9TH
Springfield Stars batting - Pitching for Austin River Sharks : RHP Soichiro Ikeda
Pitching: RHP Daniel Morris
Now in LF: José Balina
Batting: RHB Miguel Monteagudo 0-0: Ball
1-0: Ball
2-0: Ball
3-0: Base on Balls
Batting: RHB José Pinto 0-0: Swinging Strike
0-1: Ground out 5-3 (Groundball, 5S)
Miguel Monteagudo to second
Batting: LHB Felipe Guerrero 0-0: Ball
1-0: SINGLE (Line Drive, 78M)
Miguel Monteagudo to third
Runner from 3rd tries for Home, SAFE, no throw or cutoff
Batting: RHB Juan Rodríguez 0-0: Ball
1-0: Foul Ball, location: 2F
1-1: Foul Ball, location: 2F
1-2: Fly out, F6 (Popup, 6D)
Batting: LHB César Valentín 0-0: Ball
1-0: Ball
2-0: Foul Ball, location: 2F
2-1: Foul Ball, location: 2F
2-2: Fly out, F2 (Popup, 23F)
Bottom of the 9th over - 1 run(s), 1 hit(s), 0 error(s), 1 left on base; Austin 6 - Springfield 4
This league is powered by Out of the Park Baseball, the baseball management simulation game for PC, Mac and Linux
Saturday, April 9th, 2016 - OOTP Baseball 16.8 Build 38